 Dungeon Crawl Stone Soup version 0.30-a0-241-g1121274140 (webtiles) character file.

Game seed: 1580022293507186923

46 sleeves the Poker (level 3, -3/29 HPs)
             Began as a Demonspawn Cinder Acolyte on Oct 10, 2022.
             Was an Elder of Ignis.
             Slain by Sigmund
             ... wielding a +0 scythe
              (6 damage)
             ... on level 2 of the Dungeon.
             The game lasted 00:01:52 (1235 turns).

sleeves the Poker (Demonspawn Cinder Acolyte)       Turns: 1235, Time: 00:01:53

Health: -3/29      AC:  2    Str: 14    XL:     3   Next: 44%
Magic:  4/4        EV: 11    Int: 17    God:    Ignis [****..]
Gold:   48         SH:  0    Dex:  8    Spells: 4/4 levels left

rFire   + . .      SeeInvis .    a - -1 spear (flame)
rCold   . . .      Faith    .    (no shield)
rNeg    . . .      Spirit   .    b - +0 robe
rPois   .          Reflect  .    (no helmet)
rElec   .          Harm     .    (no cloak)
rCorr   .          Rampage  .    (no gloves)
Will    .....                    (no boots)
Stlth   +.........               (no amulet)
HPRegen 0.24/turn                (no ring)
MPRegen 0.09/turn                (no ring)

@: no status effects
A: ignite blood 1
a: Renounce Religion, Fiery Armour, Foxfire Swarm, Rising Flame


You were on level 2 of the Dungeon.
You worshipped Ignis.
Ignis was greatly pleased with you.
You visited 1 branch of the dungeon, and saw 2 of its levels.

You collected 48 gold pieces.

Inventory:

Hand Weapons
 a - a -1 spear of flaming (weapon)
Armour
 b - a +0 robe (worn)
Scrolls
 c - a scroll of fear {unknown}
 e - a scroll of immolation {unknown}
 f - a scroll of noise {unknown}
 g - a scroll of identify {unknown}
Potions
 d - a potion of might {unknown}


   Skills:
 - Level 3.0 Fighting
 + Level 4.1 Polearms
 - Level 1.0 Spellcasting
 - Level 2.6 Fire Magic


You had 4 spell levels left.
You didn't know any spells.
Your spell library contained the following spells:

 Spells                   Type           Power      Damage    Failure   Level
 Scorch                   Fire           18%        2d5       11%         2
 Beastly Appendage        Tmut           0%         N/A       22%         1
 Wereblood                Tmut           0%         N/A       32%         2
 Spider Form              Tmut/Pois      0%         N/A       54%         3


Dungeon Overview and Level Annotations

Branches:
Dungeon (2/15)

Altars:

Annotations:
D:2 Sigmund


Innate Abilities, Weirdness & Mutations

Your demonic aura sometimes causes spilled blood to erupt in flames.


Message History

Welcome, sleeves the Demonspawn Cinder Acolyte.
A smirking vizier told you that the Orb of Zot is just within this dungeon.
The flames of Ignis gently warm you.
Press ? for a list of commands and other information.
Found a staircase leading out of the dungeon.
An endoplasm comes into view.
The endoplasm quivers.
An endoplasm is nearby!
An endoplasm is nearby!
A hobgoblin comes into view.
Found a scroll labelled MIWEFICR DILER.
You reach to attack!
You hit the endoplasm. You burn the endoplasm.
You kill the endoplasm!
You hit the hobgoblin. You burn the hobgoblin.
The hobgoblin is heavily wounded.
The hobgoblin hits you but does no damage.
You hit the hobgoblin but do no damage.
The hobgoblin is heavily wounded.
The hobgoblin misses you.
You hit the hobgoblin. You burn the hobgoblin.
You kill the hobgoblin!
No target in view!
A bat comes into view.
Found 10 gold pieces.
A bat is nearby!
A bat is nearby!
A frilled lizard and a rat come into view.
Found 8 gold pieces.
Found a stone staircase leading down.
You barely miss the rat. The bat barely misses you. The rat closely misses you.
You hit the rat. You burn the rat.
You kill the rat!
The bat hits you but does no damage.
You hit the bat. You burn the bat.
You kill the bat!
Your Polearms skill increases to level 3!
No target in view!
No target in view!
You see here a rat corpse.
You now have 8 gold pieces.
A frilled lizard is nearby!
A frilled lizard is nearby!
The frilled lizard hisses angrily.
You barely miss the frilled lizard. The frilled lizard bites you.
You hit the frilled lizard but do no damage.
The frilled lizard misses you.
You completely miss the frilled lizard. The frilled lizard misses you.
A frilled lizard is nearby!
You closely miss the frilled lizard. The frilled lizard bites you.
A frilled lizard is nearby!
You closely miss the frilled lizard. The frilled lizard bites you.
You closely miss the frilled lizard. The frilled lizard closely misses you.
A frilled lizard is nearby!
You closely miss the frilled lizard. The frilled lizard bites you.
You are too injured to fight recklessly!
You are too injured to fight recklessly!
You are too injured to fight recklessly!
You are too injured to fight recklessly!
You closely miss the frilled lizard. The frilled lizard closely misses you.
You hit the frilled lizard but do no damage.
The frilled lizard bites you.
* * * LOW HITPOINT WARNING * * *
You hit the frilled lizard. You burn the frilled lizard.
You kill the frilled lizard!
HP restored.
c - a scroll labelled MIWEFICR DILER You now have 18 gold pieces (gained 10).
You open the door.
A giant cockroach and a bat come into view.
There are monsters nearby!
You closely miss the bat. The bat barely misses you. The bat misses you.
You reach to attack!
You closely miss the bat. The bat hits you but does no damage. x2
You hit the bat. You burn the bat.
The bat is heavily wounded.
The bat hits you but does no damage. The bat closely misses you.
You hit the bat. You burn the bat.
You kill the bat!
You hit the giant cockroach. You burn the giant cockroach.
The giant cockroach is severely wounded.
The giant cockroach barely misses you.
You hit the giant cockroach but do no damage.
The giant cockroach is severely wounded.
The giant cockroach bites you.
You hit the giant cockroach. You burn the giant cockroach.
You kill the giant cockroach!
No target in view!
No target in view!
No target in view!
No target in view!
No target in view!
No target in view!
No target in view!
No target in view!
No target in view!
No target in view!
No target in view!
No target in view!
No target in view!
A frilled lizard comes into view.
There is an open door here.
You see here a giant cockroach corpse.
A frilled lizard is nearby!
A frilled lizard is nearby!
Found an escape hatch in the floor.
The frilled lizard hisses angrily.
You hit the frilled lizard. You burn the frilled lizard.
You kill the frilled lizard!
You have reached level 2!
Your demonic ancestry asserts itself...
Your blood heats up.
You open the door.
There is an open door here.
A bat comes into view.
A bat is nearby!
A bat is nearby!
The bat hits you but does no damage.
You hit the bat but do no damage. The bat barely misses you.
You reach to attack!
You barely miss the bat. The bat barely misses you.
You hit the bat but do no damage. The bat barely misses you.
You hit the bat. You burn the bat.
You kill the bat!
No target in view!
You now have 27 gold pieces (gained 9).
You pick up a book of Changes and begin reading...
You add the spells Beastly Appendage, Wereblood and Spider Form to your library.
No target in view!
No target in view!
No target in view!
No target in view!
No target in view!
No target in view!
No target in view!
No target in view!
No target in view!
No target in view!
d - a green potion
Found 2 stones.
A ball python comes into view.
The ball python hisses angrily.
You closely miss the ball python. The ball python bites you.
The ball python closely misses you.
You closely miss the ball python. The ball python bites you.
The ball python closely misses you. The ball python bites you.
The ball python grabs you. The ball python constricts you.
You closely miss the ball python.
The ball python bites you but does no damage.
The ball python constricts you.
You hit the ball python but do no damage.
The ball python bites you. The ball python constricts you.
You are too injured to fight recklessly!
You are too injured to fight recklessly!
You are too injured to fight recklessly!
You are too injured to fight recklessly!
You are too injured to fight recklessly!
A ball python is nearby!
A ball python is nearby!
You are too injured to fight recklessly!
You are too injured to fight recklessly!
You are too injured to fight recklessly!
You are too injured to fight recklessly!
You are too injured to fight recklessly!
You are too injured to fight recklessly!
You are too injured to fight recklessly!
You are too injured to fight recklessly!
You are too injured to fight recklessly!
You are too injured to fight recklessly!
You are too injured to fight recklessly!
You are too injured to fight recklessly!
You are too injured to fight recklessly!
You are too injured to fight recklessly!
You are too injured to fight recklessly!
You are too injured to fight recklessly!
You are too injured to fight recklessly!
You are too injured to fight recklessly!
You closely miss the ball python. The ball python bites you.
The ball python constricts you.
You hit the ball python. You burn the ball python.
You kill the ball python!
You see here a ball python corpse.
A rat comes into view.
A rat is nearby!
A rat is nearby!
A rat is nearby!
A rat is nearby!
Found a stone staircase leading down.
You closely miss the rat. The rat bites you.
You hit the rat. You burn the rat.
You kill the rat!
No target in view!
No target in view!
No target in view!
No target in view!
No target in view!
No target in view!
No target in view!
No target in view!
No target in view!
A hobgoblin comes into view.
The hobgoblin shouts!
A hobgoblin is nearby!
You reach to attack!
You closely miss the hobgoblin. You hit the hobgoblin. You burn the hobgoblin.
The hobgoblin is severely wounded.
You barely miss the hobgoblin.
The hobgoblin is severely wounded.
The hobgoblin hits you but does no damage.
You hit the hobgoblin. You burn the hobgoblin.
You kill the hobgoblin!
No target in view!
No target in view!
No target in view!
No target in view!
No target in view!
No target in view!
You see here a hobgoblin corpse.
Found a spear.
You see here a +0 spear.
A rat comes into view.
A gnoll comes into view. It is wielding a +0 whip.
The gnoll shouts!
You reach to attack!
You hit the rat but do no damage. You closely miss the rat.
The rat bites you but does no damage.
You closely miss the rat. The rat bites you.
You hit the gnoll. You burn the gnoll.
The gnoll is heavily wounded.
The rat bites you. The gnoll hits you with a +0 whip.
You barely miss the gnoll.
The gnoll is heavily wounded.
The rat bites you. The gnoll hits you with a +0 whip!
* * * LOW HITPOINT WARNING * * *
You are too injured to fight recklessly!
You are too injured to fight recklessly!
You are too injured to fight recklessly!
You are too injured to fight recklessly!
You are too injured to fight recklessly!
You are too injured to fight recklessly!
There are monsters nearby!
Activating: Foxfire Swarm
Press: ? - help, Dir - look around, f - activate Flames leap up around you!
The rat bites you but does no damage. The gnoll misses you.
Your foxfire dissipates!
The foxfire hits the rat.
You kill the rat!
The foxfire hits the gnoll.
The gnoll is almost dead.
The foxfire hits the gnoll.
You kill the gnoll!
Your foxfire dissipates!
Your foxfire dissipates! x4
You see here a +0 whip.
You see here a rat corpse.
Found a mace.
You see here a +0 mace.
There is a staircase leading out of the dungeon here.
e - a scroll labelled RAERIO BUNLURU A hobgoblin comes into view.
The hobgoblin shouts!
A hobgoblin is nearby!
Found 5 stones.
You closely miss the hobgoblin. The hobgoblin hits you.
You hit the hobgoblin but do no damage. The hobgoblin closely misses you.
You closely miss the hobgoblin. The hobgoblin hits you.
You hit the hobgoblin but do no damage. The hobgoblin hits you.
You hit the hobgoblin but do no damage.
The hobgoblin hits you but does no damage.
You hit the hobgoblin. You burn the hobgoblin.
The hobgoblin is moderately wounded.
The hobgoblin closely misses you.
You hit the hobgoblin. You burn the hobgoblin.
You kill the hobgoblin!
No target in view!
No target in view!
You now have 37 gold pieces (gained 10).
Found a faded altar of an unknown god.
Found a spear.
You see here a +0 spear.
f - a scroll labelled WYEFOIF LIUSO No target in view!
No target in view!
No target in view!
No target in view!
No target in view!
No target in view!
No target in view!
No target in view!
No target in view!
No target in view!
A ball python comes into view.
The ball python hisses angrily.
The ball python moves out of view.
A ball python is nearby!
You reach to attack!
You hit the ball python. You burn the ball python.
You kill the ball python!
No target in view!
No target in view!
No target in view!
No target in view!
No target in view!
No target in view!
No target in view!
No target in view!
No target in view!
No target in view!
You now have 48 gold pieces (gained 11).
A kobold comes into view. It is wielding a +0 club.
Found a flail.
A kobold is nearby!
A kobold is nearby!
A kobold is nearby!
The kobold shouts!
You see here a +0 flail.
You reach to attack!
You barely miss the kobold. You closely miss the kobold.
The kobold hits you with a +0 club.
You barely miss the kobold. The kobold closely misses you.
You hit the kobold. You burn the kobold.
You kill the kobold!
No target in view!
No target in view!
No target in view!
No target in view!
No target in view!
Things that are here:
a +0 club; 3 stones You open the door.
A dart slug and a jackal come into view.
The jackal barks!
A jackal comes into view.
There are monsters nearby!
There are monsters nearby!
A jackal comes into view.
There is an open door here.
You reach to attack!
You hit the jackal. You burn the jackal.
The jackal is severely wounded.
The jackal attacks as you move away! The jackal barely misses you. x2
You barely miss the jackal.
The jackal is severely wounded.
The jackal bites you but does no damage.
You hit the jackal but do no damage.
The jackal is severely wounded.
The jackal misses you. The jackal closely misses you.
You closely miss the jackal.
The jackal is severely wounded.
The jackal barely misses you.
You barely miss the jackal.
The jackal is severely wounded.
The jackal bites you.
You miss the jackal.
The jackal is severely wounded.
The jackal bites you but does no damage.
The jackal barely misses you.
You hit the jackal but do no damage.
The jackal is severely wounded.
The jackal bites you.
You hit the jackal. You burn the jackal.
You kill the jackal!
The jackal bites you but does no damage.
You closely miss the jackal. The jackal closely misses you.
You barely miss the jackal. The jackal bites you.
You closely miss the jackal. The jackal bites you.
You hit the jackal. You burn the jackal.
The jackal is heavily wounded.
The jackal bites you but does no damage.
The jackal bites you.
You hit the jackal. You burn the jackal.
You kill the jackal!
You hit the jackal. You burn the jackal.
The jackal is heavily wounded.
The jackal barely misses you.
You barely miss the jackal.
The jackal is heavily wounded.
The jackal bites you. The jackal barely misses you.
You hit the jackal but do no damage.
The jackal is heavily wounded.
The jackal barely misses you.
You hit the jackal. You burn the jackal.
You kill the jackal!
You have reached level 3!
Your experience leads to an increase in your attributes!
Increase (S)trength, (I)ntelligence, or (D)exterity?
You feel clever. x2
You reach to attack!
You hit the dart slug but do no damage. The dart slug launches a dart at you.
The slug dart misses you.
You reach to attack!
You hit the dart slug. You burn the dart slug.
The dart slug is almost dead.
You reach to attack!
You hit the dart slug. You burn the dart slug.
You kill the dart slug!
No target in view!
No target in view!
No target in view!
No target in view!
No target in view!
No target in view!
No target in view!
No target in view!
No target in view!
Things that are here:
a jackal corpse; a jackal corpse
There is an open door here.
You open the door. You open the door.
There is an open door here.
A hobgoblin comes into view.
The hobgoblin shouts!
A hobgoblin is nearby!
A hobgoblin is nearby!
A hobgoblin is nearby!
You hit the hobgoblin. You burn the hobgoblin.
The hobgoblin is moderately wounded.
The hobgoblin hits you.
You hit the hobgoblin. You burn the hobgoblin.
You kill the hobgoblin!
No target in view!
No target in view!
No target in view!
No target in view!
No target in view!
No target in view!
A goblin comes into view. It is wielding a +0 dagger.
A goblin is nearby!
You see here a hobgoblin corpse.
You hit the goblin. You burn the goblin.
The goblin is severely wounded.
The goblin hits you with a +0 dagger.
You hit the goblin. You burn the goblin.
You kill the goblin!
No target in view!
No target in view!
No target in view!
No target in view!
No target in view!
No target in view!
No target in view!
No target in view!
A bat comes into view.
A bat is nearby!
A bat is nearby!
Found 4 javelins.
The bat barely misses you.
You barely miss the bat. The bat misses you.
You reach to attack!
You hit the bat. You burn the bat.
The bat is severely wounded.
The bat barely misses you.
You closely miss the bat.
The bat is severely wounded.
The bat hits you.
You hit the bat. You burn the bat.
You kill the bat!
Your Polearms skill increases to level 4!
No target in view!
No target in view!
No target in view!
No target in view!
No target in view!
You open the door.
There is an open door here.
There is an open door here.
There is an open door here.
You open the door.
There is an escape hatch in the floor here.
You open the door.
There is an open door here.
A quokka comes into view.
The quokka twitches its whiskers.
A quokka is nearby!
You completely miss the quokka. The quokka closely misses you.
You closely miss the quokka. The quokka bites you.
You miss the quokka. The quokka barely misses you.
You hit the quokka but do no damage. The quokka barely misses you.
You hit the quokka but do no damage. The quokka bites you.
You closely miss the quokka. The quokka barely misses you.
You closely miss the quokka. The quokka bites you.
You barely miss the quokka.
The quokka bites you but does no damage.
You closely miss the quokka. The quokka closely misses you.
You hit the quokka. You burn the quokka.
You kill the quokka!
No target in view!
A kobold comes into view. It is wielding a +0 dagger.
The kobold shouts!
A kobold is nearby!
You hit the kobold. You burn the kobold.
You kill the kobold!
No target in view!
No target in view!
No target in view!
No target in view!
No target in view!
No target in view!
No target in view!
No target in view!
Found a ring mail.
You open the door.
A hobgoblin comes into view.
A hobgoblin is nearby!
You reach to attack!
The helpless hobgoblin fails to defend itself.
You hit the hobgoblin. You burn the hobgoblin.
The hobgoblin is almost dead.
You hit the hobgoblin. You burn the hobgoblin.
You kill the hobgoblin!
No target in view!
No target in view!
No target in view!
No target in view!
No target in view!
No target in view!
There is an open door here.
You open the door.
There is an open door here.
A frilled lizard comes into view.
The frilled lizard hisses angrily.
A frilled lizard is nearby!
A frilled lizard is nearby!
You reach to attack!
You closely miss the frilled lizard.
You reach to attack!
You hit the frilled lizard but do no damage.
You barely miss the frilled lizard. The frilled lizard barely misses you.
You hit the frilled lizard. You burn the frilled lizard.
You kill the frilled lizard!
No target in view!
No target in view!
No target in view!
No target in view!
No target in view!
No target in view!
No target in view!
You see here a frilled lizard corpse.
There is an open door here.
You open the door.
A ball python comes into view.
Found 2 stones and a glowing mace.
A ball python is nearby!
The ball python hisses angrily.
A hobgoblin comes into view.
There is an open door here.
Found a dagger.
The hobgoblin shouts!
You reach to attack!
You hit the ball python but do no damage.
You hit the ball python. You burn the ball python.
The ball python is severely wounded.
The ball python bites you but does no damage.
The ball python barely misses you. The ball python misses you.
The ball python grabs you. The ball python constricts you.
You closely miss the ball python.
The ball python is severely wounded.
The hobgoblin hits you.
The ball python bites you but does no damage.
The ball python constricts you.
You closely miss the ball python.
The ball python is severely wounded.
The hobgoblin hits you. The ball python bites you.
The ball python constricts you.
You closely miss the ball python.
The ball python is severely wounded.
The ball python bites you but does no damage.
The ball python constricts you. The hobgoblin closely misses you.
You hit the ball python. You burn the ball python.
You kill the ball python!
The hobgoblin hits you.
You closely miss the hobgoblin. You hit the hobgoblin but do no damage.
The hobgoblin closely misses you.
You hit the hobgoblin but do no damage. The hobgoblin misses you.
You barely miss the hobgoblin. The hobgoblin barely misses you.
You hit the hobgoblin. You burn the hobgoblin.
You kill the hobgoblin!
No target in view!
No target in view!
You see here a ball python corpse.
You see here a +1 mace of draining.
You see here 2 stones.
g - a scroll labelled PEEKEU MIWU No target in view!
No target in view!
No target in view!
No target in view!
No target in view!
No target in view!
No target in view!
No target in view!
No target in view!
No target in view!
A goblin comes into view. It is wielding a +0 dagger.
A goblin is nearby!
A goblin is nearby!
You reach to attack!
You hit the goblin. You burn the goblin.
The goblin is heavily wounded.
You barely miss the goblin.
The goblin is moderately wounded.
The goblin barely misses you.
You hit the goblin. You burn the goblin.
You kill the goblin!
No target in view!
No target in view!
No target in view!
No target in view!
No target in view!
No target in view!
No target in view!
You see here a +0 dagger.
You see here a +1 mace of draining.
You see here a ball python corpse.
There is an open door here.
You open the door.
There is an open door here.
A ball python comes into view.
The ball python hisses angrily.
A ball python is nearby!
A ball python is nearby!
Found a stone staircase leading down.
The ball python bites you. The ball python grabs you.
The ball python constricts you.
You hit the ball python. You burn the ball python.
The ball python is severely wounded.
The ball python bites you. The ball python constricts you.
You completely miss the ball python.
The ball python is severely wounded.
The ball python closely misses you. The ball python constricts you.
You hit the ball python. You burn the ball python.
You kill the ball python!
No target in view!
No target in view!
No target in view!
No target in view!
No target in view!
No target in view!
No target in view!
No target in view!
You see here a ball python corpse.
You see here a +0 ring mail.
You see here a +0 dagger.
There is an open door here.
There is an open door here.
You see here 5 stones.
You open the door.
There is an open door here.
You open the door.
There is an open door here.
There is a staircase leading out of the dungeon here.
Key pressed, stopping explore.
There is an open door here.
There is an open door here.
Done exploring.
Done exploring.
No target in view!
No target in view!
No target in view!
No target in view!
No target in view!
No target in view!
No target in view!
Done exploring.
Done exploring.
Done exploring.
No target in view!
(D) Dungeon
Where to? (? - help)
There is an open door here.
There is an open door here.
There is a stone staircase leading down here.
You climb downwards.
Sigmund shouts!
There is a stone staircase leading up here.
There are monsters nearby!
There are monsters nearby!
There are monsters nearby!
Found a stone staircase leading down.
The kobold shouts!
Sigmund points at you and mumbles some strange words.
You resist with significant effort.
The kobold throws a stone.
The stone closely misses you.
You don't know any spells.
Unknown command.
Activating: Foxfire Swarm
Press: ? - help, Dir - look around, f - activate Flames leap up around you!
The foxfire hits the kobold.
The kobold is severely wounded.
Sigmund says, "Look into my eyes."
Your foxfire dissipates!
The foxfire hits Sigmund.
Sigmund is lightly wounded.
The foxfire hits the kobold.
You kill the kobold!
The foxfire hits Sigmund but does no damage.
Sigmund is lightly wounded.
The foxfire hits Sigmund.
Sigmund is moderately wounded.
The foxfire hits Sigmund but does no damage.
Sigmund is moderately wounded.
The foxfire hits Sigmund.
Sigmund is heavily wounded.
The foxfire hits Sigmund.
Sigmund is heavily wounded.
The foxfire hits Sigmund.
Sigmund is severely wounded.
Sigmund drinks a potion.
Sigmund is healed!
Sigmund points at you and mumbles some strange words.
The magic dart hits you!
You closely miss Sigmund.
Sigmund is heavily wounded.
You don't know any spells.
Sigmund hits you with a +0 scythe.
Unknown command.
Activating: Foxfire Swarm
Press: ? - help, Dir - look around, f - activate Flames leap up around you!
Sigmund casts a spell at you. The magic dart hits you.
* * * LOW HITPOINT WARNING * * *
Your foxfire dissipates!
The foxfire hits Sigmund but does no damage.
Sigmund is heavily wounded.
The foxfire hits Sigmund.
Sigmund is heavily wounded.
The foxfire hits Sigmund.
Sigmund is heavily wounded.
The foxfire hits Sigmund but does no damage.
Sigmund is heavily wounded.
The foxfire hits Sigmund.
Sigmund is heavily wounded.
The foxfire hits Sigmund.
Sigmund is severely wounded.
The foxfire hits Sigmund.
Sigmund is severely wounded.
The foxfire hits Sigmund.
Sigmund is almost dead.
Sigmund gestures at you while chanting.
You are confused.
You closely miss your foxfire.
Sigmund casts a spell.
Sigmund flickers and vanishes!
Deactivating autopickup; reactivate with Ctrl-A.
You bump into the rock wall.
Something hits you but does no damage.
You bump into the rock wall.
Found a ring mail.
The foxfire hits something.
You hear some strange, mumbled words.
A puff of flame appears from out of thin air!
The puff of flame hits you. You resist.
* * * LOW HITPOINT WARNING * * *
Something hits you.
* * * LOW HITPOINT WARNING * * *
You bump into the rock wall.
You feel less confused. Something hits you.
You die...

. .. [.. .. .>.. .#
#...###. #. ....
####.##.########...
........{..........
###.##..<....##...
#@#####.# #.# ...
#.# #..# ..# #..#
... ... #... ##
..## ##


There were no monsters in sight!

Vanquished Creatures
  A gnoll (D:1)
  A dart slug (D:1)
  An endoplasm (D:1)
  A giant cockroach (D:1)
  2 goblins (D:1)
  6 hobgoblins (D:1)
  3 jackals (D:1)
  A quokka (D:1)
  4 ball pythons (D:1)
  4 bats (D:1)
  3 frilled lizards (D:1)
  3 kobolds
  3 rats (D:1)
33 creatures vanquished.

Vanquished Creatures (others)
  25 foxfires
25 creatures vanquished.

Grand Total: 58 creatures vanquished

Notes
Turn   | Place    | Note
-------+----------+-------------------------------------------
     0 | D:1      | sleeves the Demonspawn Cinder Acolyte began the quest for
                  | the Orb.
     0 | D:1      | Reached XP level 1. HP: 18/18 MP: 2/2
    28 | D:1      | Reached skill level 3 in Polearms
    51 | D:1      | HP: 9/18 [frilled lizard (2)]
   133 | D:1      | Gained mutation: Your demonic aura sometimes causes spilled
                  | blood to erupt in flames. [demonic ancestry]
   133 | D:1      | Reached XP level 2. HP: 24/24 MP: 3/3
   281 | D:1      | HP: 8/24 [gnoll/+0 whip (8)]
   478 | D:1      | Found a faded altar of an unknown god.
   585 | D:1      | Reached XP level 3. HP: 21/29 MP: 4/4
   694 | D:1      | Reached skill level 4 in Polearms
  1218 | D:2      | Noticed Sigmund
  1228 | D:2      | HP: 13/29 [Sigmund/magic dart (4)]
  1233 | D:2      | HP: 8/29 [something/puff of flame (6)]
  1234 | D:2      | HP: 3/29 [something (5)]
  1235 | D:2      | Slain by Sigmund

Illustrated notes

Levels and vault maps discovered:
D:1:      reono_arrival_mine, layout_loops_corners,
          chequers_ecumenical_altar_simple, dreamdust_mushroom_princess,
          minmay_misc_feat_tiny
D:2:      layout_rooms, st_stairs_5, chequers_serial_rivers_micro_b,
          uniq_sigmund, uniq_robin

Skill      XL: |  1  2  3 |
---------------+----------+-----
Polearms       | 3 4 |  4.1
Fighting       | |  3.0
Spellcasting   | |  1.0
Fire Magic     | |  2.6

Action                   || total
-------------------------++-------
Melee: Spear             ||   122
Invok: Foxfire Swarm     ||     3
 Stab: Sleeping          ||     1
Armor: Robe              ||    20
Dodge: Dodged            ||    49

Table legend: (Time is in decaauts)
 A = Elapsed time spent in this place.
 B = Non-inter-level travel time spent in this place.
 C = Inter-level travel time spent in this place.
 D = Time resting spent in this place.
 E = Time spent auto-exploring this place.
 F = Levels seen in this place.
 G = Mean time per level.
                   A        B        C        D        E       F      G
               +--------+--------+--------+--------+--------+-----+--------+
         Total |   1225 |   1208 |     17 |      0 |    997 |   2 |  612.5 |
       Dungeon |   1225 |   1208 |     17 |      0 |    997 |   2 |  612.5 |
               +--------+--------+--------+--------+--------+-----+--------+

Top non-repeatable levels by time:
     D:1: 1208 daAuts
     D:2: 16 daAuts
